 Dungeon Crawl Stone Soup version 0.28-a0-1510-gd0f6b136d3 (webtiles) character file.

Game seed: 10500912683595624329

207 croobank the Caller (level 5, -9/31 HPs)
             Began as an Octopode Summoner on Jan 16, 2022.
             Splashed by a jelly's acid (11 damage)
             ... on level 5 of the Dungeon.
             The game lasted 00:16:40 (5033 turns).

croobank the Caller (Octopode Summoner)             Turns: 5033, Time: 00:16:41

Health: -9/31      AC: -7    Str: 15    XL:     5   Next: 85%
Magic:  3/9        EV: 13    Int: 18    God:
Gold:   0          SH:  5    Dex: 12    Spells: 1/10 levels left

rFire   . . .      SeeInvis .   a - +2 dagger (venom)
rCold   . . .      Faith    .   (no shield)
rNeg    . . .      Spirit   .   (helmet restricted)
rPois   .          Reflect  +   n - amulet of reflection
rElec   .          Harm     .   j - ring of flight
rCorr   .          Rampage  .   t - +6 ring of strength
Will    .....                   (no ring)
Stlth   ++++......              (no ring)
HPRegen 0.10/turn               (no ring)
MPRegen 0.11/turn               (no ring)
                                (no ring)
                                (no ring)

@: corroded, flying
A: almost no armour, amphibious, 8 rings, camouflage 1, gelatinous body 1,
(nimble swimmer 1), tentacles
a: no special abilities


You were on level 5 of the Dungeon.
You visited 1 branch of the dungeon, and saw 5 of its levels.

You collected 156 gold pieces.
You spent 156 gold pieces at shops.

Inventory:

Hand Weapons
 a - a +2 dagger of venom (weapon)
 b - the +4 hunting sling of the Lurker {vorpal, *Slow rF- Str+8 Int+3}
   (You bought it in a shop on level 4 of the Dungeon)

   Any ammunition fired from it inflicts extra damage upon your enemies.
   Str:       It affects your strength (+8).
   Int:       It affects your intelligence (+3).
   rF:        It makes you vulnerable to fire.
   *Slow:     It may slow you when you take damage.
Missiles
 c - 169 stones
 e - 5 poisoned darts
 f - 60 arrows
 k - 18 sling bullets
 p - 6 javelins
Jewellery
 h - an amulet of the acrobat
 j - a ring of flight (left tentacle)
 n - an amulet of reflection (around mantle)
 t - a +6 ring of strength (right tentacle)
Wands
 i - a wand of flame (15)
 o - a wand of acid (15)
 r - a wand of digging (7)
 u - a wand of charming (2)
Scrolls
 q - a scroll of fog
Potions
 d - a potion of ambrosia
 g - 2 potions of curing
 l - a potion of flight
 m - a potion of resistance
 s - 2 potions of brilliance


   Skills:
 + Level 3.3 Dodging
 + Level 4.6 Stealth
 + Level 3.1 Spellcasting
 + Level 4.8 Summonings


You had one spell level left.
You knew the following spells:

 Your Spells              Type           Power      Damage    Failure   Level
a - Summon Small Mammal   Summ           80%        N/A       2%          1
b - Call Imp              Summ           20%        N/A       3%          2
c - Call Canine Familiar  Summ           20%        N/A       6%          3
d - Summon Guardian Gole  Hex/Summ       11%        N/A       19%         3

Your spell library contained the following spells:

 Spells                   Type           Power      Damage    Failure   Level
 Animate Skeleton         Necr           4%         N/A       16%         1
 Apportation              Tloc           4%         N/A       16%         1
 Summon Lightning Spire   Summ/Air       11%        N/A       52%         4


Dungeon Overview and Level Annotations

Branches:
Dungeon (5/15)
 Temple: D:4-7

Altars:
Nemelex Xobeh
Okawaru
Qazlal
Trog
Uskayaw
Wu Jian
Yredelemnul
Zin

Shops:
D:4 (


Innate Abilities, Weirdness & Mutations

You cannot wear most types of armour.
You are amphibious.
You can wear up to eight rings at the same time.
Your skin changes colour to match your surroundings (Stealth+).
Your rubbery body absorbs attacks. (AC +1, EV +1)
((You are camouflaged when in or above water. (Stealth+)))
You have tentacles for arms and can constrict up to eight enemies at once.


Message History

(D) Dungeon
Where to? (Enter - D:4, ? - help)
You see here a +0 leather armour.
There is an open door here.
There is a stone staircase leading down here.
You fly downwards.
Found a red potion, 28 stones and 10 gold pieces.
There is a stone staircase leading up here.
There are monsters nearby!
Casting: Call Canine Familiar (dangerous; 6% risk of failure)
Confirm with . or Enter, or press ? or * to list all spells.
The spell is quite dangerous to miscast (19% risk of failure)!
Continue anyway?
A guardian golem appears, shielding your allies.
The jelly quivers.
Okay, then.
Casting: Summon Guardian Golem (quite dangerous; 19% risk of failure)
Confirm with . or Enter, or press ? or * to list all spells.
You hit the jelly. The acid corrodes you!
Your tentacles burn!
The jelly is lightly wounded.
The jelly closely misses you.
You barely miss the jelly.
The jelly is lightly wounded.
Your hound completely misses the jelly.
Your hound barely misses the jelly.
The jelly hits you.
You are splashed with acid!
You hit the jelly but do no damage.
Your tentacles burn!
The jelly is lightly wounded.
Your hound bites the jelly.
Your hound is burned by acid!
The jelly hits you.
You are splashed with acid!
* * * LOW HITPOINT WARNING * * *
You hit the jelly but do no damage.
Your tentacles burn!
* * * LOW HITPOINT WARNING * * *
You squeeze the jelly!
The jelly is severely wounded.
Your hound bites the jelly.
Your hound is burned by acid!
Your hound completely misses the jelly.
The jelly hits you.
* * * LOW HITPOINT WARNING * * *
The acid corrodes you!
You are splashed with acid!
You die...

#... ##..(
#....
#....
#....
#...S
#..9h##
#...J@#
#..!..#
.........
#######...
.....
####.# .#
$


You could see a jelly (ally target), an adder, a friendly guardian golem
(summoned) and a friendly hound (summoned, sheltered).

Vanquished Creatures
  A hound skeleton (D:4)
  6 adders
  2 dart slugs
  10 orcs
  9 endoplasms
  A giant cockroach (D:3)
  5 goblins
  4 hobgoblins
  5 kobolds
  6 quokkas
  9 ball pythons
  8 bats
  6 frilled lizards
  6 rats
78 creatures vanquished.

Vanquished Creatures (collateral kills)
  A hound (D:4)
  A worm (D:2)
  2 orcs (D:4)
  A ball python (D:1)
  3 endoplasms (D:1)
  A quokka (D:1)
  4 bats
  A frilled lizard (D:1)
  3 kobolds
17 creatures vanquished.

Grand Total: 95 creatures vanquished

Notes
Turn   | Place    | Note
-------+----------+-------------------------------------------
     0 | D:1      | croobank the Octopode Summoner began the quest for the Orb.
     0 | D:1      | Reached XP level 1. HP: 11/11 MP: 3/3
   392 | D:1      | Reached XP level 2. HP: 17/17 MP: 1/5
   445 | D:1      | Learned a level 2 spell: Call Imp
  1206 | D:1      | Reached XP level 3. HP: 19/21 MP: 6/6
  1687 | D:2      | Found a faded altar of an unknown god.
  1805 | D:2      | Learned a level 3 spell: Call Canine Familiar
  2193 | D:2      | Reached XP level 4. HP: 23/27 MP: 3/7
  3319 | D:3      | Reached XP level 5. HP: 31/31 MP: 9/9
  3350 | D:3      | Learned a level 3 spell: Summon Guardian Golem
  4221 | D:4      | Found a hide-covered altar of Uskayaw.
  4300 | D:4      | Found a basalt altar of Yredelemnul.
  4301 | D:4      | Found a stormy altar of Qazlal.
  4302 | D:4      | Found a bloodstained altar of Trog.
  4302 | D:4      | Found an iron altar of Okawaru.
  4304 | D:4      | Found a glowing silver altar of Zin.
  4304 | D:4      | Found a sparkling altar of Nemelex Xobeh.
  4383 | D:4      | Found an ornate altar of the Wu Jian Council.
  4589 | D:4      | Found Kenyd's Antique Weapon Shoppe.
  4627 | D:4      | Bought a twisted hunting sling for 156 gold pieces
  4627 | D:4      | Identified the +4 hunting sling of the Lurker {vorpal,
                  | *Slow rF- Str+8 Int+3} (You bought it in a shop on level 4
                  | of the Dungeon)
  5027 | D:5      | Entered Level 5 of the Dungeon
  5033 | D:5      | Splashed by a jelly's acid

Illustrated notes

Levels and vault maps discovered:
D:1:      eino_arrival_water_cross, layout_loops_corners,
          chequers_serial_rivers_large_a
D:2:      layout_basic, basic_ecumenical_altar, minivault_27,
          minmay_pentomino_t2
D:3:      layout_basic, kennysheep_generic_room_9
D:4:      wad_river_or_something, layout_basic, mainiacjoe_overflow_paths,
          nicolae_wu_jian_wuxing_cycle, grunt_temple_overflow_open,
          kennysheep_diamond
D:5:      layout_basic, kennysheep_vampire_church,
          nicolae_elyvilon_peaceful_grove, st_stairs_13

Skill      XL: |  1  2  3  4  5 |
---------------+----------------+-----
Stealth        | 3 4 |  4.6
Dodging        | 3 |  3.3
Spellcasting   | 3 |  3.1
Summonings     | |  4.8

Action                   |  1- 3 |  4- 6 || total
-------------------------+-------+-------++-------
Melee: Unarmed           |    60 |       ||    60
       Tentacles         |    19 |    10 ||    29
       Constrict         |    22 |    17 ||    39
       Dagger            |    17 |    85 ||   102
       Punch             |     2 |       ||     2
 Fire: Hunting sling     |       |     5 ||     5
 Cast: Summon Small Mamm |    23 |     4 ||    27
       Call Imp          |     9 |     3 ||    12
       Call Canine Famil |     1 |     3 ||     4
       Summon Guardian G |       |     1 ||     1
  Use: Scroll            |     2 |    10 ||    12
 Stab: Sleeping          |    12 |    17 ||    29
Armor: Skin              |     5 |     6 ||    11
Dodge: Dodged            |    53 |    33 ||    86
Block: Other             |       |     6 ||     6

Table legend: (Time is in decaauts)
 A = Elapsed time spent in this place.
 B = Non-inter-level travel time spent in this place.
 C = Inter-level travel time spent in this place.
 D = Time resting spent in this place.
 E = Time spent auto-exploring this place.
 F = Levels seen in this place.
 G = Mean time per level.
                   A        B        C        D        E       F      G
               +--------+--------+--------+--------+--------+-----+--------+
         Total |   5037 |   4876 |    161 |    196 |   3670 |   5 | 1007.4 |
       Dungeon |   5037 |   4876 |    161 |    196 |   3670 |   5 | 1007.4 |
               +--------+--------+--------+--------+--------+-----+--------+

Top non-repeatable levels by time:
     D:1: 1679 daAuts
     D:4: 1276 daAuts
     D:2: 1066 daAuts
     D:3: 1009 daAuts
     D:5: 5 daAuts
